 Dungeon Crawl Stone Soup version 0.28.0-62-gf88900778d (webtiles) character file.

Game seed: 11602572740697658130

54 cbfl8 the Skirmisher (level 3, -9/29 HPs)
             Began as a Demonspawn Fighter on July 1, 2023.
             Was an Initiate of Okawaru.
             Killed by divine providence
             ... invoked by an orc priest
              (15 damage)
             ... on level 3 of the Dungeon.
             The game lasted 00:01:06 (1634 turns).

cbfl8 the Skirmisher (Demonspawn Fighter)           Turns: 1634, Time: 00:01:06

Health: -9/29      AC:  9    Str: 16    XL:     3   Next: 66%
Magic:  3/3        EV:  6    Int:  9    God:    Okawaru [......]
Gold:   73         SH:  4    Dex: 14    Spells: 2/2 levels left

rFire   . . .      SeeInvis .   a - +0 war axe
rCold   . . .      Faith    .   c - +0 buckler
rNeg    . . .      Spirit   .   h - +0 chain mail
rPois   .          Reflect  .   (helmet restricted)
rElec   .          Harm     .   (no cloak)
rCorr   .          Rampage  .   (no gloves)
Will    .....                   (no boots)
Stlth   ..........              (no amulet)
HPRegen 0.09/turn               (no ring)
MPRegen 0.08/turn               (no ring)

@: mighty
A: antennae 1, powered by death 1
a: Renounce Religion


You were on level 3 of the Dungeon.
You worshipped Okawaru.
Okawaru was noncommittal.
You visited 1 branch of the dungeon, and saw 3 of its levels.

You collected 73 gold pieces.

Inventory:

Hand Weapons
 a - a +0 war axe (weapon)
Armour
 c - a +0 buckler (worn)
 h - a +0 chain mail (worn)
Scrolls
 b - a scroll of amnesia {unknown}
 e - a scroll of vulnerability {unknown}
 g - a scroll of immolation {unknown}
Potions
 d - a potion of might
 f - a potion of magic {unknown}


   Skills:
 + Level 3.3 Fighting
 * Level 2.3 Axes
 + Level 2.8 Armour
 * Level 0.7 Dodging
 * Level 0.6 Stealth
 + Level 2.8 Shields
 * Level 0.6 Invocations
 * Level 1.1 Evocations


You had 2 spell levels left.
You didn't know any spells.
Your spell library contained the following spells:

 Spells                   Type           Power      Damage    Failure   Level
 Passage of Golubria      Tloc           0%         N/A       100%        4
 Yara's Violent Unravell  Hex/Tmut       0%         3d3       100%        5
 Tukima's Dance           Hex            Unusable   N/A       N/A         3

Dungeon Overview and Level Annotations

Branches:
Dungeon (3/15)

Altars:
Okawaru


Innate Abilities, Weirdness & Mutations

You have a pair of small antennae on your head.
You regenerate a little health from kills.


Message History

The orc wizard hits you but does no damage.
Unknown command.
You barely miss the orc priest.
The orc priest is lightly wounded.
You closely miss the orc wizard.
The orc priest hits you but does no damage.
The orc wizard hits you with a +0 dagger.
The orc priest looks satisfied for a moment.
The orc wizard casts a spell at you. You resist with significant effort.
The orc priest mumbles some strange prayers to Beogh against you.
Pain shoots through your body!
The orc wizard hits you but does no damage.
The orc priest hits you but does no damage.
You barely miss the orc wizard. You closely miss the orc priest.
The orc wizard points at you and mumbles some strange words.
The puff of flame hits you.
The orc priest hits you with a +0 dagger.
The orc wizard hits you but does no damage.
You feel very mighty all of a sudden.
The orc priest hits you but does no damage.
The orc wizard gestures wildly while chanting.
The orc wizard flickers and vanishes!
Deactivating autopickup; reactivate with Ctrl-A.
You closely miss something. You hit the orc priest.
The orc priest calls down the wrath of Beogh upon you.
Beogh smites you!
* * * LOW HITPOINT WARNING * * *
You hear some strange, mumbled words.
A puff of flame appears from out of thin air!
You block the puff of flame.
The orc priest hits you but does no damage.
You hear some strange, mumbled words.
A puff of flame appears from out of thin air!
The puff of flame hits you but does no damage.
The orc priest looks satisfied for a moment.
The orc priest invokes the aid of Beogh against you.
Beogh smites you!
Ouch! That really hurt!
You die...

#.# ##..## #
#.####### #...##
#.#.#.....#
######.#.##
#.#.#.....#
#...†..#.##
#####.#.#.....#
#.######..#
........#.....# #.#
..# ........#.....#
#.# ..#
......).#.....#####.#
..#
......)o..{.@.......#
...
.......##.....#######
....... #######
....... .......
#####.# #.


You could see an orc priest.

Vanquished Creatures
  An adder (D:2)
  A dart slug (D:1)
  2 orcs (D:3)
  5 bats
  4 endoplasms
  2 giant cockroaches
  2 goblins
  A hobgoblin (D:1)
  8 jackals
  5 kobolds
  3 frilled lizards
  2 rats (D:1)
36 creatures vanquished.

Notes
Turn   | Place    | Note
-------+----------+-------------------------------------------
     0 | D:1      | cbfl8 the Demonspawn Fighter began the quest for the Orb.
     0 | D:1      | Reached XP level 1. HP: 18/18 MP: 1/1
   133 | D:1      | Gained mutation: You have a pair of small antennae on your
                  | head. [demonic ancestry]
   133 | D:1      | Reached XP level 2. HP: 20/24 MP: 2/2
   403 | D:1      | Found a faded altar of an unknown god.
   724 | D:2      | Found an iron altar of Okawaru.
   741 | D:2      | Gained mutation: You regenerate a little health from kills.
                  | [demonic ancestry]
   741 | D:2      | Reached XP level 3. HP: 29/29 MP: 3/3
   758 | D:2      | Became a worshipper of Warmaster Okawaru
  1621 | D:3      | Reached skill level 1 in Evocations
  1634 | D:3      | Killed from afar by an orc priest

Illustrated notes

Levels and vault maps discovered:
D:1:      nicolae_arrival_memento_mori, layout_rooms, basic_ecumenical_altar
D:2:      layout_loops_ring, basic_altar
D:3:      layout_basic, amcnicky_altar_gilded, serial_shops,
          nicolae_shop_waterfront

Skill      XL: |  1  2  3 |
---------------+----------+-----
Axes           | 2 |  2.3
Evocations     | 1 |  1.1
Fighting       | |  3.3
Armour         | |  2.8
Dodging        | |  0.7
Stealth        | |  0.6
Shields        | |  2.8
Invocations    | |  0.6

Action                   || total
-------------------------++-------
Melee: War axe           ||    97
  Use: Potion            ||     1
Armor: Scale mail        ||    38
       Chain mail        ||    12
Dodge: Dodged            ||    54
Block: Buckler           ||    20
